 Dungeon Sprint DCSS version 0.18-a0-1677-g2bdad6c (webtiles) character file.

106 minicreteconcrete the Charmwright (level 4, -3/39 HPs)
             Began as a Merfolk Skald on Apr 2, 2016.
             Was an Initiate of Okawaru.
             Slain by a hill giant
             ... wielding a +0 giant club
              (42 damage)
             ... in the Dungeon (Sprint IX: "|||||||||||||||||||||||||||||").
             The game lasted 00:02:02 (126 turns).

minicreteconcrete the Charmwright (Merfolk Skald)    Turns: 126, Time: 00:02:03

Health: -3/39      AC:  3    Str: 15    XL:     4   Next: 84%
Magic:  1/7        EV: 14    Int: 11    God:    Okawaru [......]
Gold:   0          SH:  0    Dex: 14    Spells: 3 memorised, 0 levels left

rFire  . . .     SeeInvis .     a - +2 halberd (venom)
rCold  . . .     Gourm    .     n - +0 leather armour
rNeg   . . .     Faith    .     (shield currently unavailable)
rPois  .         Spirit   .     (no helmet)
rElec  .         Dismiss  .     (no cloak)
rCorr  .         Reflect  .     (no gloves)
SustAt .         Harm     .     (no boots)
MR     .....     NoTele   +     (no amulet)
Stlth  +.........               s - +2 ring of evasion
                                r - +3 ring of strength

@: regenerating (expiring), not resistant to hostile enchantments, very
unstealthy
A: change form in water, swift swim
a: Renounce Religion


You were in the Dungeon.
You worshipped Okawaru.
Okawaru was noncommittal.
You were not hungry.

You visited 1 branch

Inventory:

Hand Weapons
 a - a +2 halberd of venom (weapon)
 o - a +0 spear
Armour
 n - a +0 leather armour (worn)
 p - a +0 pair of boots
 q - a +0 cloak
Magical Staves
 b - an uncursed staff of energy
Jewellery
 r - a +3 ring of strength (left hand)
 s - a +2 ring of evasion (right hand)
Wands
 m - a wand of lightning (7/15)
Scrolls
 j - 2 scrolls of blinking
 k - 3 scrolls of remove curse
 l - 2 scrolls of amnesia
Potions
 e - 5 potions of curing
 f - 3 potions of heal wounds
 g - a potion of haste
 h - 4 potions of magic
 i - a potion of invisibility
Books
 c - a book of Battle

   Spells                             Type                      Level
   a - Infusion                       Charms                       1
   b - Shroud of Golubria             Charms/Translocation         2
   c - Song of Slaying                Charms                       2
   d - Spectral Weapon                Hexes/Charms                 3
   e - Regeneration                   Charms/Necromancy            3
Comestibles
 d - a bread ration


   Skills:
 + Level 5.1 Fighting
 + Level 6.3 Polearms
 + Level 1.5 Armour
 + Level 2.6 Dodging
 - Level 2.2 Spellcasting
 - Level 7.6 Charms


You couldn't memorise any spells.
You knew the following spells:

 Your Spells              Type           Power        Failure   Level  Hunger
a - Infusion              Chrm           ###.         1%          1    ##.....
r - Regeneration          Chrm/Necr      #.........   24%         3    ####...
s - Spectral Weapon       Hex/Chrm       #.......     24%         3    ####...


Dungeon Overview and Level Annotations

Branches:
Dungeon (1/1)

Altars:
Cheibriados
Dithmenos
Elyvilon
Fedhas
Gozag
Kikubaaqudgha
Makhleb
Nemelex Xobeh
Okawaru
Pakellas
Qazlal
Ru
Sif Muna
Trog
Vehumet
Xom
Yredelemnul
Zin
The Shining One
Beogh
Jiyva
Lugonu


Message History

The orc warrior shouts!
The orc priest shouts!
Attack whom?
Press: ? - help, Dir - move target cursor, f - hill giant
Aim: a hill giant, wielding a giant club You reach to attack!
You puncture the hill giant!
The hill giant is poisoned.
The hill giant is lightly wounded.
Attack whom?
Press: ? - help, Dir - move target cursor, f/p - hill giant
Aim: a hill giant, wielding a giant club (lightly wounded, poisoned)
You reach to attack!
You hit the hill giant but do no damage.
The hill giant is lightly wounded.
Your spectral weapon hits the hill giant from afar!
The hill giant looks even sicker.
You slash the hill giant!
The hill giant is heavily wounded.
Your spectral weapon hits the hill giant but does no damage.
The hill giant hits you with a giant club!!!
Ouch! That really hurt!
You die... ▓▓▓▓▓▓▓▓▓▓▓▓▓▓▓▓▓▓▓▓▓▓▓▓ _______'...)..[(@CooS.oZ ▓▓▓▓▓▓▓▓▓▓▓▓▓▓▓▓▓▓▓▓▓▓▓▓

You could see a hill giant, an orc warrior, an orc priest, an orc wizard, an adder, a quokka skeleton and a friendly spectral halberd of venom.

Vanquished Creatures
  A crimson imp (D)
  A jelly (D)
  A worker ant (D)
  A shadow imp (D)
  A dart slug (D)
  A giant gecko (D)
  A hobgoblin (D)
  A jackal (D)
  2 rats (D)
10 creatures vanquished.

Vanquished Creatures (others)
  A spatial maelstrom (D)
1 creature vanquished.

Grand Total: 11 creatures vanquished

Notes
Turn   | Place    | Note
--------------------------------------------------------------
     0 | D        | minicreteconcrete the Merfolk Skald began the quest for the Orb.
     0 | D        | Reached XP level 1. HP: 16/16 MP: 3/3
     2 | D        | Banished a spatial maelstrom
    22 | D        | Reached skill level 4 in Charms
    22 | D        | Reached XP level 2. HP: 13/23 MP: 5/5
    29 | D        | Noticed a crimson imp
    36 | D        | Reached skill level 1 in Armour
    36 | D        | Reached skill level 5 in Charms
    36 | D        | Reached XP level 3. HP: 24/30 MP: 2/6
    39 | D        | Reached skill level 5 in Polearms
    39 | D        | Reached skill level 6 in Charms
    39 | D        | Reached XP level 4. HP: 30/38 MP: 1/7
    46 | D        | Reached skill level 5 in Fighting
    46 | D        | Reached skill level 7 in Charms
    59 | D        | Learned a level 3 spell: Regeneration
    63 | D        | Learned a level 3 spell: Spectral Weapon
    64 | D        | Found a glowing silver altar of Zin.
    64 | D        | Found a glowing golden altar of the Shining One.
    64 | D        | Found an ancient bone altar of Kikubaaqudgha.
    64 | D        | Found a basalt altar of Yredelemnul.
    64 | D        | Found a shimmering altar of Xom.
    64 | D        | Found a radiant altar of Vehumet.
    65 | D        | Found an iron altar of Okawaru.
    66 | D        | Found a burning altar of Makhleb.
    67 | D        | Found a deep blue altar of Sif Muna.
    68 | D        | Found a bloodstained altar of Trog.
    69 | D        | Found a sparkling altar of Nemelex Xobeh.
    70 | D        | Found a white marble altar of Elyvilon.
    71 | D        | Found a roughly hewn altar of Beogh.
    72 | D        | Found a viscous altar of Jiyva.
    73 | D        | Became a worshipper of Warmaster Okawaru
    74 | D        | Found a corrupted altar of Lugonu.
    75 | D        | Found a blossoming altar of Fedhas.
    76 | D        | Found a snail-covered altar of Cheibriados.
    77 | D        | Found a shadowy altar of Dithmenos.
    78 | D        | Found a stormy altar of Qazlal.
    79 | D        | Found an opulent altar of Gozag.
    80 | D        | Found a sacrificial altar of Ru.
    81 | D        | Found an oddly glowing altar of Pakellas.
   123 | D        | Noticed an orc warrior
   123 | D        | Noticed a hill giant
   126 | D        | Slain by a hill giant

Vault maps used:
D:        linesprint

Skill      XL: |  1  2  3  4 |
---------------+-------------+-----
Polearms       | 4 5 6 |  6.3
Charms         | 4 5 6 7 |  7.6
Fighting       | 3 4 5 |  5.1
Armour         | 1 |  1.5
Dodging        | 2 |  2.6
Spellcasting   | |  2.2

Action                   |  1- 3 |  4- 6 || total
-------------------------+-------+-------++-------
Melee: Spear             |    27 |     6 ||    33
       Halberd           |       |     3 ||     3
 Cast: Infusion          |     1 |       ||     1
       Regeneration      |       |     2 ||     2
       Spectral Weapon   |       |     1 ||     1
Evoke: Staff of energy   |       |     1 ||     1
  Use: Potion            |     1 |       ||     1
